[Event "Turkish Club Cup 2019"]
[Site "Konya"]
[Date "2019.07.16"]
[Round "1"]
[White "Kinsiz, Onur"]
[Black "Ozkale, Can Barkin"]
[Result "1/2-1/2"]
[ECO "C06"]
[WhiteElo "2210"]
[BlackElo "1729"]
[Annotator "ChessBase"]
[PlyCount "110"]
[EventDate "2019.07.16"]
[EventType "team-tourn"]
[EventCountry "TUR"]
[SourceTitle "playchess.com"]
[Source "ChessBase"]
[SourceQuality "1"]
[TimeControl "5400+30"]

1. e4 e6 2. d4 d5 3. Nd2 Nf6 4. e5 Nfd7 5. Bd3 c5 6. c3 Nc6 7. Ne2 cxd4 8. cxd4 f6 9. exf6 Nxf6 10. Nf3 Bd6 11. O-O Qc7 12. h3 O-O 13. Be3 Nh5 14. Nc3 a6 15. Re1 h6 16. Rc1 Nf4 17. Bb1 Qf7 18. Bxf4 Bxf4 19. Qd3 g5 20. Rcd1 Bd7 21. a3 Rae8 22. Re2 Ne7 23. Rde1 Qf5 24. Qd1 Qf6 25. Qd3 Rf7 26. b3 Ref8 27. a4 h5 28. Kh1 Qh6 29. Nd1 Nf5 30. Ne5 Bxe5 31. Rxe5 Nh4 32. Qg3 Nf5 33. Bxf5 Rxf5 34. Nb2 g4 35. Nd3 Rxe5 36. Nxe5 Bc6 37. Kg1 Qf4 38. Qh4 gxh3 39. Qxf4 Rxf4 40. gxh3 Rxd4 41. Nxc6 bxc6 42. Rxe6 Rd1+ 43. Kg2 Rc1 44. Re7 d4 45. Rd7 c5 46. h4 Rc3 47. Rc7 Kf8 48. Kf1 d3 49. Ke1 Rxb3 50. Rxc5 Rb4 51. Rxh5 Rxa4 52. Rf5+ Kg7 53. Kd2 Rxh4 54. Kxd3 Rh1 55. Ra5 Rh6 1/2-1/2

[Event "Turkish Club Cup 2019"]
[Site "Konya"]
[Date "2019.07.16"]
[Round "1"]
[White "Ersahin, Bulent"]
[Black "Turan, Seyithan"]
[Result "1-0"]
[ECO "E04"]
[WhiteElo "2179"]
[BlackElo "1705"]
[Annotator "ChessBase"]
[PlyCount "103"]
[EventDate "2019.07.16"]
[EventType "team-tourn"]
[EventCountry "TUR"]
[SourceTitle "playchess.com"]
[Source "ChessBase"]
[SourceQuality "1"]
[TimeControl "5400+30"]

1. Nf3 c5 2. g3 d5 3. Bg2 Nc6 4. d4 Nf6 5. O-O e6 6. c4 dxc4 7. Na3 cxd4 8. Nxc4 Be7 9. Bf4 Nd5 10. Nxd4 Nxf4 11. Nxc6 Qxd1 12. Rfxd1 Nxg2 13. Nxe7 Kxe7 14. Kxg2 f6 15. Rac1 Bd7 16. f3 Rac8 17. e4 Rhd8 18. Kf2 Bb5 19. Rxd8 Rxd8 20. Ke3 Rc8 21. b3 Bxc4 22. bxc4 Kd6 23. Rd1+ Kc6 24. f4 Rc7 25. Rd8 Kc5 26. Re8 Kxc4 27. Rxe6 Rd7 28. Re8 Rd3+ 29. Ke2 Ra3 30. Re7 b5 31. Rxg7 Kd4 32. Rxh7 Kxe4 33. Re7+ Kf5 34. Rb7 Rxa2+ 35. Kf3 Ra3+ 36. Kg2 a6 37. h4 Kg4 38. Rg7+ Kh5 39. Kh3 b4 40. f5 Kh6 41. Rg6+ Kh7 42. Rxf6 a5 43. Rb6 b3 44. h5 a4 45. Kh4 Ra2 46. g4 Rf2 47. Rb7+ Kg8 48. Kg5 b2 49. Kg6 Kf8 50. h6 a3 51. f6 Ke8 52. h7 1-0

[Event "Turkish Club Cup 2019"]
[Site "Konya"]
[Date "2019.07.16"]
[Round "1"]
[White "Guven, Oguz Kagan"]
[Black "Konusoglu, Kemal Safa"]
[Result "1/2-1/2"]
[ECO "B31"]
[WhiteElo "2142"]
[BlackElo "1800"]
[Annotator "NA"]
[PlyCount "70"]
[EventDate "2019.07.16"]
[EventType "team-tourn"]
[EventCountry "TUR"]
[SourceTitle "playchess.com"]
[Source "ChessBase"]
[SourceQuality "1"]
[TimeControl "5400+30"]

1. e4 c5 2. Nf3 Nc6 3. Bb5 g6 4. O-O Bg7 5. Re1 Nf6 6. Nc3 O-O 7. e5 Ne8 8. d3 Nc7 9. Bxc6 dxc6 10. Ne4 Ne6 11. Be3 b6 12. a4 Nd4 13. Nxd4 cxd4 14. Bf4 Qd5 15. Nd2 Be6 16. b3 Rfc8 17. h4 h6 18. Qf3 Qxf3 19. gxf3 c5 20. Kg2 Bd5 21. h5 g5 22. Bh2 Rc6 23. Kh3 Be6+ 24. Kg2 Kh7 25. Ne4 Rg8 26. Re2 Bd5 27. Kh3 Be6+ 28. Kg2 Bh8 29. Bg3 Bd5 30. Kh2 Re6 31. Rae1 Bxe5 32. Nxg5+ Rxg5 33. Rxe5 Rgxe5 34. Rxe5 Rxe5 35. Bxe5 Bxf3 1/2-1/2

[Event "Turkish Club Cup 2019"]
[Site "Konya"]
[Date "2019.07.16"]
[Round "1"]
[White "Gulden, Egemen"]
[Black "Ucar, Mehmet Ali"]
[Result "1-0"]
[ECO "B26"]
[WhiteElo "2135"]
[BlackElo "1182"]
[Annotator "NA"]
[PlyCount "41"]
[EventDate "2019.07.16"]
[EventType "team-tourn"]
[EventCountry "TUR"]
[SourceTitle "playchess.com"]
[Source "ChessBase"]
[SourceQuality "1"]
[TimeControl "5400+30"]

1. e4 c5 2. Nc3 d6 3. g3 Nc6 4. Bg2 Nf6 5. h3 g6 6. d3 Bg7 7. Be3 O-O 8. Nge2 a6 9. O-O b5 10. Qd2 Bb7 11. f4 e6 12. g4 Qc7 13. f5 Nd7 14. Bh6 Rfe8 15. Bxg7 Kxg7 16. Qf4 Nde5 17. f6+ Kh8 18. Qh6 Rg8 19. g5 Qd8 20. Rf4 Qf8 21. Qxh7+ 1-0

[Event "Turkish Club Cup 2019"]
[Site "Konya"]
[Date "2019.07.16"]
[Round "1"]
[White "Ozdover, Mustafa Berkay"]
[Black "Yigiter, Fatih"]
[Result "1-0"]
[ECO "D63"]
[WhiteElo "2130"]
[BlackElo "1585"]
[Annotator "NA"]
[PlyCount "83"]
[EventDate "2019.07.16"]
[EventType "team-tourn"]
[EventCountry "TUR"]
[SourceTitle "playchess.com"]
[Source "ChessBase"]
[SourceQuality "1"]
[TimeControl "5400+30"]

1. d4 d5 2. c4 e6 3. Nf3 Nf6 4. Nc3 Be7 5. Bg5 Nbd7 6. e3 a6 7. cxd5 exd5 8. Bd3 h6 9. Bh4 O-O 10. Rc1 c6 11. Bg3 Re8 12. O-O Nh5 13. Nxd5 Nxg3 14. Nxe7+ Qxe7 15. hxg3 Nf6 16. Qc2 Be6 17. a3 Rad8 18. Rfe1 Qc7 19. b4 Qd6 20. Ne5 Nd7 21. Nxd7 Qxd7 22. a4 Rc8 23. Qb1 Qd6 24. Rc3 Rc7 25. Rec1 Rec8 26. Qb2 Kf8 27. Be2 Qd7 28. Bf3 Qd6 29. Rc5 b6 30. R5c3 c5 31. bxc5 bxc5 32. dxc5 Qe5 33. Qb6 Bd5 34. Bxd5 Qxd5 35. c6 a5 36. Qb5 Qd2 37. Rc5 Qd6 38. Qxa5 Rxc6 39. Rxc6 Rxc6 40. Qa8+ Ke7 41. Qxc6 Qd2 42. a5 1-0

[Event "Turkish Club Cup 2019"]
[Site "Konya"]
[Date "2019.07.16"]
[Round "1"]
[White "Mecit, Emre"]
[Black "Uygur, Sinan"]
[Result "1/2-1/2"]
[ECO "C96"]
[WhiteElo "2065"]
[BlackElo "1899"]
[Annotator "NA"]
[PlyCount "82"]
[EventDate "2019.07.16"]
[EventType "team-tourn"]
[EventCountry "TUR"]
[SourceTitle "playchess.com"]
[Source "ChessBase"]
[SourceQuality "1"]
[TimeControl "5400+30"]

1. e4 e5 2. Nf3 Nc6 3. Bb5 a6 4. Ba4 Nf6 5. O-O Be7 6. Re1 b5 7. Bb3 d6 8. c3 O-O 9. h3 Na5 10. Bc2 c5 11. d4 Nd7 12. Nbd2 exd4 13. cxd4 Nc6 14. Nf1 cxd4 15. Nxd4 Nxd4 16. Qxd4 Ne5 17. Qd1 Bf6 18. Ne3 Be6 19. Nd5 Bxd5 20. Qxd5 Rc8 21. Bb3 Rc5 22. Qd1 Nc4 23. Rb1 d5 24. Bc2 dxe4 25. Bxe4 Qxd1 26. Rxd1 Re8 27. Bf3 b4 28. Kf1 h6 29. Be2 a5 30. b3 Na3 31. Bxa3 bxa3 32. Bc4 Rc7 33. Rd5 Bc3 34. g4 Bb4 35. Rbd1 Rce7 36. Kg2 g6 37. f4 Re1 38. f5 Rxd1 39. Rxd1 gxf5 40. gxf5 Kg7 41. Rd7 Re7 1/2-1/2

[Event "Turkish Club Cup 2019"]
[Site "Konya"]
[Date "2019.07.16"]
[Round "1"]
[White "Guner, Bulent"]
[Black "Bingologlu, Furkan"]
[Result "1/2-1/2"]
[ECO "A30"]
[WhiteElo "1979"]
[BlackElo "1665"]
[Annotator "NA"]
[PlyCount "91"]
[EventDate "2019.07.16"]
[EventType "team-tourn"]
[EventCountry "TUR"]
[SourceTitle "playchess.com"]
[Source "ChessBase"]
[SourceQuality "1"]
[TimeControl "5400+30"]

1. d4 Nf6 2. Nf3 e6 3. g3 b6 4. Bg2 Bb7 5. O-O c5 6. c4 cxd4 7. Qxd4 Bc5 8. Qf4 O-O 9. Nc3 d5 10. Rd1 Qe7 11. cxd5 Nxd5 12. Nxd5 exd5 13. e3 Na6 14. a3 Bd6 15. Qh4 Nc5 16. Qxe7 Bxe7 17. Nd4 Bf6 18. Rb1 Rfd8 19. b3 Ne4 20. Bb2 Rac8 21. Bh3 Rc5 22. Rbc1 Bc8 23. Bg2 Bb7 24. f3 Nd6 25. Bh3 Bc8 26. Bf1 Bd7 27. Ba6 Re8 28. Kf2 g6 29. Bc3 Nf5 30. Nxf5 Rxc3 31. Rxc3 Bxc3 32. Nd6 Rd8 33. Nb5 Bxb5 34. Bxb5 d4 35. e4 Bb2 36. a4 Rc8 37. Bc4 Ba3 38. Ke2 Bc5 39. Kd3 a5 40. e5 Kg7 41. f4 h5 42. Ke4 Rd8 43. Rd3 f6 44. e6 Kf8 45. h4 Ke7 46. Rf3 1/2-1/2

[Event "Turkish Club Cup 2019"]
[Site "Konya"]
[Date "2019.07.16"]
[Round "1"]
[White "Kul, Ozdemir Efe"]
[Black "Kanza, Fazil"]
[Result "1-0"]
[ECO "A00"]
[WhiteElo "1974"]
[BlackElo "1462"]
[Annotator "NA"]
[PlyCount "61"]
[EventDate "2019.07.16"]
[EventType "team-tourn"]
[EventCountry "TUR"]
[SourceTitle "playchess.com"]
[Source "ChessBase"]
[SourceQuality "1"]
[TimeControl "5400+30"]

1. g3 e5 2. Bg2 d5 3. d3 Nf6 4. a3 Bc5 5. e3 Bg4 6. Ne2 O-O 7. h3 Bh5 8. b4 Bb6 9. Bb2 Qd6 10. c4 c5 11. g4 Bg6 12. d4 exd4 13. exd4 cxb4 14. c5 Bxc5 15. dxc5 Qe6 16. O-O bxa3 17. Nxa3 Ne4 18. Nf4 Qc6 19. Nxd5 Re8 20. Qd4 f6 21. Rae1 Re5 22. Nf4 Qxc5 23. Nxg6 hxg6 24. Bxe4 Qe7 25. Qc4+ Kh7 26. f4 f5 27. gxf5 Rc5 28. fxg6+ Kh8 29. Qf7 Qxf7 30. gxf7 Nc6 31. Bxc6 1-0

[Event "Turkish Club Cup 2019"]
[Site "Konya"]
[Date "2019.07.16"]
[Round "1"]
[White "Celiker, Yakup"]
[Black "Yurdun, Fehmi Kuzey"]
[Result "1/2-1/2"]
[ECO "C97"]
[WhiteElo "1930"]
[BlackElo "1327"]
[Annotator "NA"]
[PlyCount "87"]
[EventDate "2019.07.16"]
[EventType "team-tourn"]
[EventCountry "TUR"]
[SourceTitle "playchess.com"]
[Source "ChessBase"]
[SourceQuality "1"]
[TimeControl "5400+30"]

1. e4 e5 2. Nf3 Nc6 3. Bb5 a6 4. Ba4 Nf6 5. O-O Be7 6. Re1 b5 7. Bb3 d6 8. c3 O-O 9. h3 Na5 10. Bc2 c5 11. d4 Qc7 12. d5 Nb7 13. Nbd2 c4 14. Nf1 Bd7 15. g4 Nc5 16. Ng3 a5 17. Nf5 Bxf5 18. exf5 h6 19. Be3 Rfb8 20. g5 hxg5 21. Nxg5 b4 22. Kh2 b3 23. axb3 cxb3 24. Bb1 a4 25. Ra3 Qc8 26. f3 Bd8 27. Rg1 Bb6 28. Qe1 Qf8 29. Qh4 Ncd7 30. Bxb6 Nxb6 31. c4 Rc8 32. Bd3 Rc7 33. Kh1 Rac8 34. Rg4 Nbd7 35. Ra1 e4 36. Rxe4 Nc5 37. Be2 Ncxe4 38. fxe4 Qe8 39. Rg1 Kf8 40. Qh8+ Ke7 41. Qh4 Kf8 42. Qh8+ Ke7 43. Qh4 Kf8 44. Qh8+ 1/2-1/2

[Event "Turkish Club Cup 2019"]
[Site "Konya"]
[Date "2019.07.16"]
[Round "1"]
[White "Oz, Ozan"]
[Black "Temel, Mustafa"]
[Result "1-0"]
[ECO "D00"]
[WhiteElo "1923"]
[BlackElo "1549"]
[Annotator "NA"]
[PlyCount "87"]
[EventDate "2019.07.16"]
[EventType "team-tourn"]
[EventCountry "TUR"]
[SourceTitle "playchess.com"]
[Source "ChessBase"]
[SourceQuality "1"]
[TimeControl "5400+30"]

1. d4 d5 2. Bf4 Nf6 3. e3 Bf5 4. c4 e6 5. Qb3 Qc8 6. Nc3 c6 7. Rc1 Nbd7 8. cxd5 Nxd5 9. Bg3 N7f6 10. Bc4 Bb4 11. Nge2 a5 12. O-O O-O 13. a3 Bxc3 14. Nxc3 a4 15. Nxa4 Qd8 16. Nc5 b6 17. Nb7 Qd7 18. Nd6 b5 19. Bxd5 exd5 20. Nxf5 Qxf5 21. Rxc6 Ne4 22. Qxb5 h5 23. Qe2 Rac8 24. Rfc1 Rxc6 25. Rxc6 Rc8 26. Rxc8+ Qxc8 27. Qd1 Qc4 28. f3 Nf6 29. Be1 Qa2 30. Qc1 g5 31. e4 Nh7 32. e5 Qb3 33. Qc3 Qd1 34. b4 Nf8 35. Qd2 Qa1 36. Qxg5+ Ng6 37. Qe3 Nf4 38. Kf2 Ne6 39. Bd2 Nxd4 40. Qc3 Qh1 41. Qxd4 Qxh2 42. Qf4 Qh1 43. Qg3+ Kf8 44. Be1 1-0

[Event "Turkish Club Cup 2019"]
[Site "Konya"]
[Date "2019.07.16"]
[Round "1"]
[White "Aydin, Ismail"]
[Black "Sahin, Zulal Goksu"]
[Result "1-0"]
[ECO "D02"]
[WhiteElo "1896"]
[BlackElo "1039"]
[Annotator "NA"]
[PlyCount "45"]
[EventDate "2019.07.16"]
[EventType "team-tourn"]
[EventCountry "TUR"]
[SourceTitle "playchess.com"]
[Source "ChessBase"]
[SourceQuality "1"]
[TimeControl "5400+30"]

1. d4 d5 2. Nf3 Nc6 3. Bf4 Nf6 4. e3 Bf5 5. c3 e6 6. Bd3 Be4 7. O-O Bd6 8. Ne5 Bxe5 9. dxe5 Nd7 10. Bxe4 dxe4 11. Qa4 f5 12. exf6 Nxf6 13. Rd1 Qe7 14. Nd2 e5 15. Bg3 O-O-O 16. Nxe4 Nh5 17. Bh4 Nf6 18. b4 Qf7 19. b5 Ne7 20. Qxa7 Rd5 21. Bxf6 Ng6 22. Nc5 gxf6 23. Qa8# 1-0

[Event "Turkish Club Cup 2019"]
[Site "Konya"]
[Date "2019.07.16"]
[Round "1"]
[White "Guder, Serkan"]
[Black "Cilekaya, Tahir"]
[Result "1-0"]
[ECO "A05"]
[WhiteElo "1872"]
[BlackElo "1405"]
[Annotator "NA"]
[PlyCount "79"]
[EventDate "2019.07.16"]
[EventType "team-tourn"]
[EventCountry "TUR"]
[SourceTitle "playchess.com"]
[Source "ChessBase"]
[SourceQuality "1"]
[TimeControl "5400+30"]

1. b3 Nf6 2. Bb2 e6 3. Nf3 Nc6 4. e3 Be7 5. d4 O-O 6. Nbd2 d5 7. a3 Bd7 8. Bd3 a6 9. Ne5 Bd6 10. Qf3 Qe7 11. Qh3 g6 12. g4 b5 13. Rg1 Kg7 14. g5 Ng8 15. f4 f5 16. gxf6+ Rxf6 17. Ndf3 Be8 18. Rg4 Nd8 19. Ke2 Kf8 20. Rag1 Qg7 21. Ng5 h6 22. Ngf3 Bxe5 23. dxe5 Rf5 24. Bd4 Qh7 25. Bc5+ Ne7 26. Bxf5 exf5 27. R4g3 Ne6 28. Bxe7+ Kxe7 29. Qh4+ Kd7 30. Qf6 g5 31. fxg5 hxg5 32. Qxe6+ Kxe6 33. Nxg5+ Kxe5 34. Nxh7 Bh5+ 35. Kd2 Rh8 36. Rg7 c6 37. Re7+ Kd6 38. Rgg7 Bf3 39. b4 Be4 40. Rd7+ 1-0

[Event "Turkish Club Cup 2019"]
[Site "Konya"]
[Date "2019.07.16"]
[Round "1"]
[White "Subasi, Cagrican"]
[Black "Kaynak, Deniz Can"]
[Result "1-0"]
[ECO "A43"]
[WhiteElo "1871"]
[BlackElo "1488"]
[Annotator "NA"]
[PlyCount "47"]
[EventDate "2019.07.16"]
[EventType "team-tourn"]
[EventCountry "TUR"]
[SourceTitle "playchess.com"]
[Source "ChessBase"]
[SourceQuality "1"]
[TimeControl "5400+30"]

1. d4 Nf6 2. Nf3 c5 3. d5 g6 4. Nc3 d6 5. e4 Bg7 6. Be2 O-O 7. h3 a6 8. a4 e6 9. dxe6 fxe6 10. O-O Nc6 11. Bg5 b6 12. Qd2 Ra7 13. Rad1 Rd7 14. Bc4 Qe8 15. Qe2 Nb4 16. Bxf6 Bxf6 17. e5 d5 18. exf6 dxc4 19. Ne4 Rxd1 20. Rxd1 Qc6 21. f7+ Rxf7 22. Ne5 Qxa4 23. Nxf7 Kxf7 24. Nd6+ 1-0

[Event "Turkish Club Cup 2019"]
[Site "Konya"]
[Date "2019.07.16"]
[Round "1"]
[White "Cevrin, Muhammed Cemre"]
[Black "Dincer, Onuralp"]
[Result "1-0"]
[ECO "A00"]
[WhiteElo "1860"]
[BlackElo "1306"]
[Annotator "NA"]
[PlyCount "55"]
[EventDate "2019.07.16"]
[EventType "team-tourn"]
[EventCountry "TUR"]
[SourceTitle "playchess.com"]
[Source "ChessBase"]
[SourceQuality "1"]
[TimeControl "5400+30"]

1. Nf3 d5 2. b4 Nf6 3. Bb2 e6 4. a3 Be7 5. d4 O-O 6. e3 b6 7. Nbd2 c5 8. bxc5 bxc5 9. dxc5 Bxc5 10. Bd3 Ba6 11. O-O Bxd3 12. cxd3 Nbd7 13. Qa4 Nb6 14. Qh4 Be7 15. Qg3 Nh5 16. Qh3 Bf6 17. Ne5 g6 18. g4 Bxe5 19. Bxe5 f6 20. gxh5 fxe5 21. Qxe6+ Kg7 22. Qxe5+ Qf6 23. Qxf6+ Rxf6 24. Rac1 Rf7 25. hxg6 Kxg6 26. f3 Re8 27. Rc6+ Kg7 28. Kf2 1-0

[Event "Turkish Club Cup 2019"]
[Site "Konya"]
[Date "2019.07.16"]
[Round "1"]
[White "Kiziltas, Inanc Vefa"]
[Black "Aki, Furkan"]
[Result "1-0"]
[ECO "B53"]
[WhiteElo "1858"]
[BlackElo "1223"]
[Annotator "NA"]
[PlyCount "55"]
[EventDate "2019.07.16"]
[EventType "team-tourn"]
[EventCountry "TUR"]
[SourceTitle "playchess.com"]
[Source "ChessBase"]
[SourceQuality "1"]
[TimeControl "5400+30"]

1. e4 c5 2. Nf3 d6 3. d4 cxd4 4. Qxd4 a6 5. c4 Nc6 6. Qd1 g6 7. Be2 Bg7 8. O-O Nf6 9. Nc3 O-O 10. h3 Bd7 11. Be3 Qc7 12. Rc1 e6 13. Qd2 Ne8 14. Rfd1 f5 15. Bh6 Rd8 16. Bxg7 Kxg7 17. exf5 Rxf5 18. Ne4 Bc8 19. Qc3+ e5 20. Rd2 Rf8 21. g4 Rf4 22. Qe3 b6 23. Nc3 Rd7 24. Nd5 Qd8 25. Nxf4 exf4 26. Qxf4 Rf7 27. Qe3 Qf6 28. Qxe8 1-0

[Event "Turkish Club Cup 2019"]
[Site "Konya"]
[Date "2019.07.16"]
[Round "1"]
[White "Basaran, Alp"]
[Black "Eken, Eylul"]
[Result "1-0"]
[ECO "B30"]
[WhiteElo "1857"]
[BlackElo "1083"]
[Annotator "NA"]
[PlyCount "59"]
[EventDate "2019.07.16"]
[EventType "team-tourn"]
[EventCountry "TUR"]
[SourceTitle "playchess.com"]
[Source "ChessBase"]
[SourceQuality "1"]
[TimeControl "5400+30"]

1. e4 c5 2. Nf3 Nc6 3. Bb5 d5 4. exd5 Qxd5 5. Nc3 Qe6+ 6. Ne2 Bd7 7. d3 f6 8. O-O Qd6 9. Nc3 e5 10. Nd2 Be6 11. f4 O-O-O 12. Nde4 Qe7 13. Bxc6 bxc6 14. fxe5 f5 15. Bg5 Nf6 16. Nxf6 gxf6 17. Bxf6 Qf7 18. Bxh8 Bg7 19. Bxg7 Qxg7 20. Qf3 Kc7 21. Rae1 Rd4 22. Re3 Rg4 23. Qf2 Rd4 24. Ne2 Rg4 25. Rg3 h5 26. Rxg4 hxg4 27. Nf4 Bxa2 28. Qxc5 Kc8 29. Qxc6+ Kd8 30. Qa8+ 1-0

[Event "Turkish Club Cup 2019"]
[Site "Konya"]
[Date "2019.07.16"]
[Round "1"]
[White "Benk, Tolga Tugay"]
[Black "Ucar, Ahmet Cemal"]
[Result "1-0"]
[ECO "B06"]
[WhiteElo "1844"]
[BlackElo "1336"]
[Annotator "NA"]
[PlyCount "95"]
[EventDate "2019.07.16"]
[EventType "team-tourn"]
[EventCountry "TUR"]
[SourceTitle "playchess.com"]
[Source "ChessBase"]
[SourceQuality "1"]
[TimeControl "5400+30"]

1. d4 g6 2. e4 d6 3. Nc3 Bg7 4. Be3 e6 5. Qd2 a6 6. h4 h5 7. O-O-O Bd7 8. Be2 Nc6 9. Nf3 Qe7 10. Bg5 f6 11. Bf4 O-O-O 12. Rhe1 Qf8 13. Kb1 Nge7 14. Bc4 Na5 15. Bf1 Nac6 16. d5 Ne5 17. Qd4 c5 18. dxc6 N7xc6 19. Qxd6 Qxd6 20. Rxd6 Bf8 21. Rd2 Be7 22. Ng1 Bb4 23. Nge2 Ba5 24. a3 Bb6 25. Nc1 Rhg8 26. Be3 Bc7 27. Na4 Ba5 28. c3 Bc7 29. Red1 Nb8 30. Nb6+ Bxb6 31. Bxb6 Rde8 32. Bd4 Nbc6 33. Bxe5 Nxe5 34. f4 Ng4 35. Rxd7 Rd8 36. Rxd8+ Rxd8 37. Rxd8+ Kxd8 38. g3 Ne3 39. Be2 f5 40. e5 Nd5 41. Kc2 Kc7 42. Kd2 Kc6 43. Bf3 Kc5 44. b4+ Kb6 45. Bxd5 exd5 46. Kd3 Kc6 47. Kd4 b5 48. Nd3 1-0

[Event "Turkish Club Cup 2019"]
[Site "Konya"]
[Date "2019.07.16"]
[Round "1"]
[White "Saridag, Omer Melih"]
[Black "Gulbas, Isa"]
[Result "1-0"]
[ECO "D00"]
[WhiteElo "1820"]
[BlackElo "1486"]
[Annotator "NA"]
[PlyCount "89"]
[EventDate "2019.07.16"]
[EventType "team-tourn"]
[EventCountry "TUR"]
[SourceTitle "playchess.com"]
[Source "ChessBase"]
[SourceQuality "1"]
[TimeControl "5400+30"]

1. d4 Nf6 2. Bg5 d5 3. Bxf6 exf6 4. e3 Bd6 5. c4 dxc4 6. Bxc4 O-O 7. Nc3 c6 8. Qc2 Re8 9. h3 Be6 10. Bxe6 fxe6 11. Nf3 Nd7 12. O-O e5 13. Qb3+ Kh8 14. Qxb7 Re6 15. Qxc6 exd4 16. Qd5 dxc3 17. Qxe6 cxb2 18. Rad1 Ba3 19. Rxd7 Qf8 20. Qf7 Qxf7 21. Rxf7 a5 22. Rd7 Rc8 23. Rfd1 Bf8 24. Rb1 Ba3 25. Kf1 Kg8 26. Ke2 Kf8 27. Rd3 Rc1 28. Rd1 Rc2+ 29. Rd2 Rc1 30. Rbxb2 Bxb2 31. Rxb2 Rc5 32. Nd4 Rc8 33. Rb5 Ra8 34. a4 Ke8 35. Nb3 Rc8 36. Rxa5 Rc2+ 37. Kf3 Kf7 38. Ra7+ Kg6 39. a5 Ra2 40. a6 h6 41. Ra8 Kf7 42. a7 Kg6 43. Nd4 Ra6 44. Nb5 Rxa7 45. Ke4 1-0

[Event "Turkish Club Cup 2019"]
[Site "Konya"]
[Date "2019.07.16"]
[Round "1"]
[White "Yurdakul, Didem Nuray"]
[Black "Seyhan, Pelin"]
[Result "1-0"]
[ECO "C10"]
[WhiteElo "1779"]
[BlackElo "1333"]
[Annotator "NA"]
[PlyCount "135"]
[EventDate "2019.07.16"]
[EventType "team-tourn"]
[EventCountry "TUR"]
[SourceTitle "playchess.com"]
[Source "ChessBase"]
[SourceQuality "1"]
[TimeControl "5400+30"]

1. e4 e6 2. d4 d5 3. Nd2 dxe4 4. Nxe4 Bd7 5. Nf3 Bc6 6. Bd3 Nd7 7. O-O Ngf6 8. Nxf6+ Nxf6 9. c3 Be7 10. Qe2 O-O 11. Bg5 Nd5 12. Bxe7 Qxe7 13. Qc2 g6 14. Ne5 Be8 15. Rfe1 Nf4 16. Be4 c6 17. Re3 Rd8 18. Rae1 f6 19. Nd3 Nxd3 20. Bxd3 Bf7 21. Bc4 Rfe8 22. Qb3 Rd6 23. f4 f5 24. d5 cxd5 25. Bxd5 b6 26. Bc4 Kf8 27. a4 Qd8 28. Qa3 Kg7 29. b4 Qc7 30. Qa2 Qc8 31. Qe2 Kf6 32. Rh3 Bg8 33. Qe5+ Ke7 34. Qg7+ Kd8 35. Bb5 Rd7 36. Bxd7 Qxd7 37. Qxd7+ Kxd7 38. Rd3+ Ke7 39. Red1 Rc8 40. Rd7+ Kf6 41. Rd8 Rxd8 42. Rxd8 Bf7 43. Ra8 a5 44. bxa5 bxa5 45. Rxa5 Be8 46. Kf2 g5 47. fxg5+ Kxg5 48. Ra8 Bc6 49. Ra6 Bd7 50. a5 h5 51. Rd6 Bc8 52. a6 e5 53. a7 Bb7 54. Rd8 Kf4 55. a8=Q Bxa8 56. Rxa8 h4 57. c4 e4 58. g3+ hxg3+ 59. hxg3+ Kg4 60. c5 e3+ 61. Kxe3 Kxg3 62. Rg8+ Kh3 63. c6 Kh4 64. c7 Kh5 65. c8=Q Kh4 66. Qc7 f4+ 67. Qxf4+ Kh5 68. Qg5# 1-0

[Event "Turkish Club Cup 2019"]
[Site "Konya"]
[Date "2019.07.16"]
[Round "1"]
[White "Erdogan, Tekin Alp"]
[Black "Karaburun, Isa Emre"]
[Result "1-0"]
[ECO "B51"]
[WhiteElo "1777"]
[BlackElo "1230"]
[Annotator "NA"]
[PlyCount "151"]
[EventDate "2019.07.16"]
[EventType "team-tourn"]
[EventCountry "TUR"]
[SourceTitle "playchess.com"]
[Source "ChessBase"]
[SourceQuality "1"]
[TimeControl "5400+30"]

1. e4 c5 2. Nf3 Nc6 3. Bb5 d6 4. O-O Nf6 5. Re1 e6 6. c3 a6 7. Bxc6+ bxc6 8. e5 Nd7 9. exd6 Bxd6 10. d4 O-O 11. Nbd2 Nf6 12. Nc4 Be7 13. Bg5 cxd4 14. Qxd4 Qxd4 15. Nxd4 Nd5 16. Bxe7 Nxe7 17. Re5 Rb8 18. Rc5 Bd7 19. Ra5 Rfc8 20. Nb3 Nd5 21. Rxa6 c5 22. Ra5 Rb5 23. Rxb5 Bxb5 24. Nd6 Rb8 25. Nxb5 c4 26. Nd2 Rxb5 27. Nxc4 Rb8 28. a4 Kf8 29. a5 Ke7 30. Kf1 f6 31. Ke2 Kd7 32. Kd2 Kc6 33. Kc2 Kc5 34. Ne3 Nc7 35. b4+ Kc6 36. Nc4 Nd5 37. Kb3 Kc7 38. Ne3 Ne7 39. Ka4 Kc6 40. Rb1 Nc8 41. Nc4 Kd5 42. Kb3 Kc6 43. Rd1 Kc7 44. Ka4 Na7 45. Nb6 Kc6 46. c4 Rb7 47. Rd8 Rc7 48. Kb3 Kb7 49. Rd7 Rxd7 50. Nxd7 Nc6 51. Nc5+ Ka7 52. Nxe6 g6 53. Nf8 Nd4+ 54. Ka4 Ne2 55. Nxh7 Nc3+ 56. Kb3 Ne4 57. f3 Nd2+ 58. Kc3 Nf1 59. Nxf6 Nxh2 60. b5 Nf1 61. c5 Ne3 62. c6 Kb8 63. b6 Nf5 64. Nd7+ Kc8 65. b7+ Kc7 66. b8=Q+ Kxc6 67. Ne5+ Kd5 68. a6 Nd6 69. a7 Kxe5 70. a8=Q Ke6 71. Qg8+ Kf5 72. Qad5+ Kf4 73. Qxd6+ Ke3 74. Qd4+ Ke2 75. Qa2+ Ke1 76. Qg1# 1-0

[Event "Turkish Club Cup 2019"]
[Site "Konya"]
[Date "2019.07.16"]
[Round "1"]
[White "Cakir, Ege"]
[Black "Yarici, Ferhat Oguzhan"]
[Result "1-0"]
[ECO "D03"]
[WhiteElo "1765"]
[BlackElo "1254"]
[Annotator "NA"]
[PlyCount "91"]
[EventDate "2019.07.16"]
[EventType "team-tourn"]
[EventCountry "TUR"]
[SourceTitle "playchess.com"]
[Source "ChessBase"]
[SourceQuality "1"]
[TimeControl "5400+30"]

1. d4 e6 2. Nf3 Nf6 3. Bg5 Be7 4. e3 d5 5. Bd3 Nbd7 6. Nbd2 O-O 7. O-O c6 8. c3 h6 9. Bxf6 Nxf6 10. Ne5 c5 11. f4 cxd4 12. exd4 Nd7 13. Ndf3 Bd6 14. Nxd7 Bxd7 15. Ne5 f5 16. Qe2 a6 17. Rae1 Rf6 18. a3 b5 19. Qc2 Be8 20. Be2 Rc8 21. Nd3 Qb6 22. Qd2 g6 23. b4 Qc7 24. Nc5 Bxc5 25. dxc5 Bc6 26. Qd4 Kf7 27. Bd3 Re8 28. Re5 Qd7 29. Bc2 Rd8 30. Bb3 Qb7 31. Ra1 Qd7 32. Rd1 Qb7 33. c4 bxc4 34. Bxc4 Rd7 35. Bd3 Bb5 36. Rc1 Qc6 37. Re3 Bxd3 38. Rxd3 g5 39. fxg5 hxg5 40. Rh3 Kg6 41. Rh6+ Kxh6 42. Qxf6+ Kh5 43. Re1 Qc7 44. Rxe6 Rf7 45. Qh6+ Kg4 46. Qh3+ 1-0

[Event "Turkish Club Cup 2019"]
[Site "Konya"]
[Date "2019.07.16"]
[Round "1"]
[White "Asan, Elvan"]
[Black "Senkal, Defne"]
[Result "1-0"]
[ECO "B53"]
[WhiteElo "1760"]
[BlackElo "1258"]
[Annotator "NA"]
[PlyCount "45"]
[EventDate "2019.07.16"]
[EventType "team-tourn"]
[EventCountry "TUR"]
[SourceTitle "playchess.com"]
[Source "ChessBase"]
[SourceQuality "1"]
[TimeControl "5400+30"]

1. e4 c5 2. Nf3 d6 3. d4 cxd4 4. Qxd4 Nc6 5. Bb5 Bd7 6. Bxc6 Bxc6 7. Nc3 Nf6 8. Bg5 h6 9. Bxf6 exf6 10. O-O Be7 11. Nd5 O-O 12. Nh4 Re8 13. Nf5 Bxd5 14. exd5 Qd7 15. Qg4 Qxf5 16. Qxf5 g6 17. Qf4 Kh7 18. Rae1 f5 19. Qb4 b6 20. Qb5 f4 21. Re4 Kg7 22. Rfe1 Kf8 23. Qe2 1-0